 Dungeon Crawl Stone Soup version 0.17-a0-1951-g62301d3 (webtiles) character file.

162 Kuldar the Skirmisher (level 5, -1/44 HPs)
             Began as a Demonspawn Wanderer on Oct 3, 2015.
             Slain by a killer bee (6 damage)
             ... on level 4 of the Dungeon.
             The game lasted 00:09:49 (3928 turns).

Kuldar the Skirmisher (Demonspawn Wanderer)         Turns: 3928, Time: 00:09:49

Health: -1/44      AC:  4    Str: 10    XL:     5   Next: 19%
Magic:  0/6        EV: 13    Int: 15    God:
Gold:   129        SH:  0    Dex: 14    Spells: 2 memorised, 3 levels left

rFire  . . .     SeeInvis .     c - +0 club
rCold  . . .     Clarity  .     e - +0 robe
rNeg   . . .     SustAt   .     (no shield)
rPois  .         Gourm    .     (helmet restricted)
rElec  .         Spirit   +     v - +0 cloak
rCorr  .         Warding  .     (no gloves)
rMut   .         Stasis   .     (no boots)
MR     .....                    r - amulet of guardian spirit
Stlth  ++........               t - ring of wizardry
                                o - +1 ring of protection

@: lethally poisoned (-1 -> -3), not resistant to hostile enchantments,
unstealthy
A: antennae 1, powered by pain 2, rot immunity
a: no special abilities


You were on level 4 of the Dungeon.
You were not hungry.

You visited 1 branch of the dungeon, and saw 4 of its levels.

You collected 129 gold pieces.

Inventory:

Hand weapons
 b - a +0 hand crossbow
 c - a +0 club (weapon)
 p - a +0 hunting sling
Missiles
 m - 3 bolts
 q - 134 stones (quivered)
Armour
 e - a +0 robe (worn)
 v - a +0 cloak (worn)
Jewellery
 o - a +1 ring of protection (left hand)
 r - an amulet of guardian spirit (around neck)
 t - a ring of wizardry (right hand)
Magical devices
 a - a wand of flame (15)
Scrolls
 d - 3 scrolls of teleportation
 g - 6 scrolls of identify {unknown}
 h - 5 scrolls of remove curse {unknown}
 j - a scroll of immolation {unknown}
 n - a scroll of fog {unknown}
 w - a scroll of magic mapping {unknown}
Potions
 k - 2 potions of agility {unknown}
 s - 2 potions of curing
Books
 l - a book of Spatial Translocations

   Spells                             Type                      Level
   a - Apportation                    Translocation                1
   b - Blink                          Translocation                2
   c - Shroud of Golubria             Charms/Translocation         2
   d - Portal Projectile              Translocation                3
   e - Teleport Other                 Translocation                3
   f - Passage of Golubria            Translocation                4
Comestibles
 f - a bread ration
 i - 4 meat rations
 u - a royal jelly


   Skills:
 - Level 5.0 Fighting
 * Level 2.6 Crossbows
 * Level 2.3 Armour
 * Level 2.5 Dodging
 - Level 1.0 Stealth
 * Level 1.0 Spellcasting
 * Level 0.6 Translocations
 - Level 1.0 Evocations


You had 3 spell levels left.
You knew the following spells:

 Your Spells              Type           Power        Failure   Level  Hunger
a - Apportation           Tloc           #.........   9%          1    ##.....
b - Blink                 Tloc           N/A          14%         2    ###....


Dungeon Overview and Level Annotations

Branches:
Dungeon (4/15)
 Temple: D:4-7

Altars:
Dithmenos


Innate Abilities, Weirdness & Mutations

You have a pair of small antennae on your head.
You sometimes gain power by taking damage.
You are immune to rotting.


Message History

Unknown command.
Wield which item (- for none, * to show all)? (? for menu, Esc to quit)
c - a +0 club (weapon)
The killer bee barely misses you.
Unknown command.
You are too injured to fight recklessly!
You are too injured to fight recklessly!
Eat which item? (? for menu, Esc to quit)
Okay, then.
Drink which item? (? for menu, Esc to quit)
Okay, then.
You closely miss the killer bee. The killer bee closely misses you.
The killer bee misses you. The killer bee completely misses you.
You completely miss the killer bee.
You feel sick. The killer bee barely misses you. The killer bee stings you.
* * * LOW HITPOINT WARNING * * *
You miss the killer bee. The killer bee stings you!
* * * LOW HITPOINT WARNING * * *
The killer bee closely misses you. The killer bee stings you!
You die...

####### #...§.# ########
#..._§#
.......#####...§.##
.#####.##.......§.######
†)...............§.(.(.(
.#####......>...@y....(#
....########...#######..
....# #...#
....########...#
.##............#
.###########...# .#
#...# ## .... ...


You could see a killer bee.

Vanquished Creatures
  A worker ant (D:3)
  4 adders
  2 oozes
  An adder skeleton (D:4)
  4 worms (D:2)
  2 orcs
  A ball python (D:1)
  A giant cockroach (D:1)
  13 goblins
  13 hobgoblins
  6 jackals
  5 kobolds
  6 bats
  3 giant geckos (D:1)
  2 giant newts (D:1)
  13 rats
77 creatures vanquished.

Notes
Turn   | Place    | Note
--------------------------------------------------------------
     0 | D:1      | Kuldar the Demonspawn Wanderer began the quest for the Orb.
     0 | D:1      | Kuldar set off with: a wand of flame (15), a +0 hand crossbow, 24 bolts, a scroll of teleportation, a +0 robe, a bread ration, a !bad item (cl:100,ty:0,pl:0,pl2:0,sp:0,qu:0), a !bad item (cl:100,ty:0,pl:0,pl2:0,sp:0,qu:0), a !bad item (cl:100,ty:0,pl:0,pl2:0,sp:0,qu:0), a !bad item (cl:100,ty:0,pl:0,pl2:0,sp:0,qu:0), a !bad item (cl:100,ty:0,pl:0,pl2:0,sp:0,qu:0), a !bad item (cl:100,ty:0,pl:0,pl2:0,sp:0,qu:0), a !bad item (cl:100,ty:0,pl:0,pl2:0,sp:0,qu:0), a !bad item (cl:100,ty:0,pl:0,pl2:0,sp:0,qu:0), a !bad item (cl:100,ty:0,pl:0,pl2:0,sp:0,qu:0), a !bad item (cl:100,ty:0,pl:0,pl2:0,sp:0,qu:0), a !bad item (cl:100,ty:0,pl:0,pl2:0,sp:0,qu:0), a !bad item (cl:100,ty:0,pl:0,pl2:0,sp:0,qu:0), a !bad item (cl:100,ty:0,pl:0,pl2:0,sp:0,qu:0), a !bad item (cl:100,ty:0,pl:0,pl2:0,sp:0,qu:0), a !bad item (cl:100,ty:0,pl:0,pl2:0,sp:0,qu:0), a !bad item (cl:100,ty:0,pl:0,pl2:0,sp:0,qu:0), a !bad item (cl:100,ty:0,pl:0,pl2:0,sp:0,qu:0), a !bad item (cl:100,ty:0,pl:0,pl2:0,sp:0,qu:0), a !bad item (cl:100,ty:0,pl:0,pl2:0,sp:0,qu:0), a !bad item (cl:100,ty:0,pl:0,pl2:0,sp:0,qu:0), a !bad item (cl:100,ty:0,pl:0,pl2:0,sp:0,qu:0), a !bad item (cl:100,ty:0,pl:0,pl2:0,sp:0,qu:0), a !bad item (cl:100,ty:0,pl:0,pl2:0,sp:0,qu:0), a !bad item (cl:100,ty:0,pl:0,pl2:0,sp:0,qu:0), a !bad item (cl:100,ty:0,pl:0,pl2:0,sp:0,qu:0), a !bad item (cl:100,ty:0,pl:0,pl2:0,sp:0,qu:0), a !bad item (cl:100,ty:0,pl:0,pl2:0,sp:0,qu:0), a !bad item (cl:100,ty:0,pl:0,pl2:0,sp:0,qu:0), a !bad item (cl:100,ty:0,pl:0,pl2:0,sp:0,qu:0), a !bad item (cl:100,ty:0,pl:0,pl2:0,sp:0,qu:0), a !bad item (cl:100,ty:0,pl:0,pl2:0,sp:0,qu:0), a !bad item (cl:100,ty:0,pl:0,pl2:0,sp:0,qu:0), a !bad item (cl:100,ty:0,pl:0,pl2:0,sp:0,qu:0), a !bad item (cl:100,ty:0,pl:0,pl2:0,sp:0,qu:0), a !bad item (cl:100,ty:0,pl:0,pl2:0,sp:0,qu:0), a !bad item (cl:100,ty:0,pl:0,pl2:0,sp:0,qu:0), a !bad item (cl:100,ty:0,pl:0,pl2:0,sp:0,qu:0), a !bad item (cl:100,ty:0,pl:0,pl2:0,sp:0,qu:0), a !bad item (cl:100,ty:0,pl:0,pl2:0,sp:0,qu:0), a !bad item (cl:100,ty:0,pl:0,pl2:0,sp:0,qu:0), a !bad item (cl:100,ty:0,pl:0,pl2:0,sp:0,qu:0), a !bad item (cl:100,ty:0,pl:0,pl2:0,sp:0,qu:0), a !bad item (cl:100,ty:0,pl:0,pl2:0,sp:0,qu:0), a !bad item (cl:100,ty:0,pl:0,pl2:0,sp:0,qu:0), a !bad item (cl:100,ty:0,pl:0,pl2:0,sp:0,qu:0), a !bad item (cl:100,ty:0,pl:0,pl2:0,sp:0,qu:0)
     0 | D:1      | Reached XP level 1. HP: 21/21 MP: 1/1
   115 | D:1      | Gained mutation: You sometimes gain a little power by taking damage. [demonic ancestry]
   115 | D:1      | Reached XP level 2. HP: 24/27 MP: 2/2
   772 | D:1      | Gained mutation: You are immune to rotting. [demonic ancestry]
   772 | D:1      | Reached XP level 3. HP: 33/33 MP: 3/3
  1433 | D:2      | Learned a level 1 spell: Apportation
  1648 | D:2      | Gained mutation: You sometimes gain power by taking damage. [demonic ancestry]
  1648 | D:2      | Reached XP level 4. HP: 39/39 MP: 4/4
  2604 | D:3      | Learned a level 2 spell: Blink
  2968 | D:3      | Gained mutation: You have a pair of small antennae on your head. [demonic ancestry]
  2968 | D:3      | Reached XP level 5. HP: 36/44 MP: 5/5
  3083 | D:3      | Reached skill level 1 in Spellcasting
  3544 | D:3      | Noticed an ogre
  3909 | D:4      | Found a shadowy altar of Dithmenos.
  3928 | D:4      | Slain by a killer bee

Vault maps used:
D:1:      dpeg_arrival_three_same_balls, serial_bayou_pond_d,
          roderic_roman_lattice
D:2:      hangedman_decor_push, minmay_mini_jars
D:4:      vehumet_statue, first_bread, st_stairs_5, hangedman_decor_slide_cut,
          grunt_dithmenos_smoke

Action                   |  1- 3 |  4- 6 || total
-------------------------+-------+-------++-------
Melee: Club              |       |    29 ||    29
       Unarmed           |       |    14 ||    14
 Fire: Hand crossbow     |   112 |    32 ||   144
       Hunting sling     |       |    90 ||    90
Throw: Stone             |       |     3 ||     3
  Use: Potion            |       |     1 ||     1
  Eat: Chunk             |     1 |     5 ||     6
       Bread ration      |       |     1 ||     1
